 Dungeon Crawl Stone Soup version 0.28-a0-1117-g0bdd5ba030 (webtiles) character file.

Game seed: 2675270567154526599

122 SensoryNuts the Skirmisher (level 4, -1/40 HPs)
             Began as a Draconian Fighter on Dec 11, 2021.
             Was an Initiate of Ru.
             Slain by an adder (2 damage)
             ... on level 3 of the Dungeon.
             The game lasted 00:03:17 (2552 turns).

SensoryNuts the Skirmisher (Draconian Fighter)      Turns: 2552, Time: 00:03:18

Health: -1/40      AC:  6    Str: 20    XL:     4   Next: 78%
Magic:  4/4        EV: 12    Int:  9    God:    Ru [......]
Gold:   108        SH:  0    Dex: 10    Spells: 3/3 levels left

rFire   . . .      SeeInvis .   g - +4 quarterstaff (chaos)
rCold   . . .      Faith    .   (shield currently unavailable)
rNeg    . . .      Spirit   .   (armour unavailable)
rPois   .          Reflect  .   (helmet restricted)
rElec   .          Harm     .   j - +0 cloak
rCorr   .          Rampage  .   (no gloves)
Will    .....                   (no boots)
Stlth   +.........              (no amulet)
HPRegen 0.13/turn               (no ring)
MPRegen 0.09/turn               (no ring)

@: no status effects
A: AC +5, unfitting armour, cold-blooded
a: Renounce Religion, Sacrifice an Eye, Sacrifice Essence, Sacrifice Courage,
Reject Sacrifices


You were on level 3 of the Dungeon.
You worshipped Ru.
Ru was noncommittal.
You visited 1 branch of the dungeon, and saw 3 of its levels.

You collected 108 gold pieces.

Inventory:

Hand Weapons
 a - a +0 long sword
 g - a +4 quarterstaff of chaos (weapon)
Armour
 b - a +1 buckler
 j - a +0 cloak (worn)
Wands
 c - a wand of digging (4)
Scrolls
 d - a scroll of identify
 e - 2 scrolls of silence
 i - 2 scrolls of teleportation
Potions
 f - a potion of heal wounds {unknown}
 h - a potion of ambrosia {unknown}
 k - a potion of curing {unknown}


   Skills:
 + Level 3.9 Fighting
 + Level 3.3 Long Blades
 + Level 3.6 Dodging
 + Level 0.8 Stealth
 + Level 3.2 Shields


You had 3 spell levels left.
You didn't know any spells.
Your spell library was empty.

Dungeon Overview and Level Annotations

Branches:
Dungeon (3/15)

Altars:
Ru

Shops:
D:1 *((*

Annotations:
D:3 Sigmund, Terence


Innate Abilities, Weirdness & Mutations

Your plain brown scales are hard. (AC +5)
You cannot fit into any form of body armour.
You are cold-blooded and may be slowed by cold attacks.


Message History

Terence the Incautious comes into view.
He is wielding a +0 flail.
Terence shouts!
Sigmund the Dreaded comes into view.
He is wielding a +0 scythe.
There are monsters nearby!
There are monsters nearby!
Found 12 gold pieces.
A ball python and an adder come into view.
Sigmund barely misses you.
The adder hisses angrily.
You hit Sigmund.
Sigmund is lightly wounded.
Terence hits you with a +0 flail. Sigmund hits you with a +0 scythe!
You sock Sigmund! You burn Sigmund.
Sigmund is moderately wounded.
Terence barely misses you. x2
Unknown command.
You closely miss Sigmund.
Sigmund is moderately wounded.
The adder bites you. Sigmund completely misses you. The adder misses you.
Terence asks, "Do you want it fast or slow?"
Terence hits you with a +0 flail.
You sock Sigmund!
Sigmund is heavily wounded.
The ball python barely misses you. x2; The adder bites you but does no damage.
Sigmund misses you. Terence hits you with a +0 flail!
The ball python bites you.
* * * LOW HITPOINT WARNING * * *
The ball python barely misses you. The adder bites you but does no damage.
Okay, then.
You sock Terence! You freeze Terence.
Terence is heavily wounded.
The ball python closely misses you. x2; The adder bites you but does no damage.
Terence closely misses you. Sigmund hits you with a +0 scythe!
* * * LOW HITPOINT WARNING * * *
The ball python bites you but does no damage.
The ball python barely misses you. The adder bites you but does no damage.
You hit Sigmund.
Sigmund flickers and vanishes!
Deactivating autopickup; reactivate with Ctrl-A.
You tail-slap something. Terence barely misses you. The adder bites you.
You die...

#...#. #..###.#.#
..........>#### #####.
##...#.#.#
#........#.....
#..####.#.#.#
#..............
##........#.#
#..#...###.###.
#####.##.#.# #..##..#
#.###. #.
#.#.##...##....#<....
#..#.......###..........
##...#.#S...............
###...@@..............#
.....#.S{..............#
............$............
........................#
......................<..
.........................
........................#
.......................#
#########


You could see Terence, an adder and a ball python.

Vanquished Creatures
  Crazy Yiuf (D:2)
  An adder (D:3)
  A gnoll (D:3)
  2 worms (D:2)
  4 dart slugs
  4 endoplasms
  4 giant cockroaches (D:1)
  8 goblins
  5 hobgoblins
  2 jackals (D:2)
  8 ball pythons
  5 bats
  A frilled lizard (D:3)
  5 kobolds
  6 rats
57 creatures vanquished.

Notes
Turn   | Place    | Note
-------+----------+-------------------------------------------
     0 | D:1      | SensoryNuts the Draconian Fighter began the quest for the
                  | Orb.
     0 | D:1      | Reached XP level 1. HP: 19/19 MP: 1/1
     9 | D:1      | Found Idamaoma's Weapon Boutique.
    23 | D:1      | Found Rukkofro's Weapon Boutique.
   111 | D:1      | Found Rotwenou's Assorted Antiques.
   134 | D:1      | Reached XP level 2. HP: 12/26 MP: 2/2
   505 | D:1      | Found Lagant's Assorted Antiques.
   802 | D:1      | Reached XP level 3. HP: 30/31 MP: 3/3
  1550 | D:2      | Found a faded altar of an unknown god.
  1577 | D:2      | Prayed at the altar of an unknown god.
  1577 | D:2      | Became a worshipper of Ru the Awakened
  1738 | D:2      | Reached XP level 4. HP: 31/40 MP: 4/4
  1836 | D:2      | Found a runed translucent door.
  1837 | D:2      | Noticed Crazy Yiuf
  1892 | D:2      | Killed Crazy Yiuf
  2542 | D:3      | Noticed Terence
  2542 | D:3      | Noticed Sigmund
  2551 | D:3      | HP: 1/40 [Sigmund (10)]
  2552 | D:3      | Slain by an adder

Illustrated notes

Levels and vault maps discovered:
D:1:      dpeg_arrival_rooms_b, layout_basic, serial_shops, shop, shop,
          nicolae_shop_waterfront, shop
D:2:      layout_rooms, ebering_ecumenical_altar_sacrificial,
          palyth_stone_intersect, uniq_crazy_yiuf_cottage
D:3:      layout_rooms, uniq_terence, uniq_sigmund

Skill      XL: |  1  2  3  4 |
---------------+-------------+-----
Dodging        | 3 |  3.6
Long Blades    | 3 |  3.3
Fighting       | |  3.9
Stealth        | |  0.8
Shields        | |  3.2

Action                   |  1- 3 |  4- 6 || total
-------------------------+-------+-------++-------
Melee: Long sword        |   104 |     9 ||   113
       Tailslap          |    11 |     1 ||    12
       Quarterstaff      |       |    23 ||    23
  Use: Scroll            |       |     5 ||     5
       Potion            |       |     1 ||     1
Armor: Skin              |    33 |     8 ||    41
Dodge: Dodged            |    83 |    24 ||   107
Block: Buckler           |    31 |     5 ||    36

Table legend: (Time is in decaauts)
 A = Elapsed time spent in this place.
 B = Non-inter-level travel time spent in this place.
 C = Inter-level travel time spent in this place.
 D = Time resting spent in this place.
 E = Time spent auto-exploring this place.
 F = Levels seen in this place.
 G = Mean time per level.
                   A        B        C        D        E       F      G
               +--------+--------+--------+--------+--------+-----+--------+
         Total |   2597 |   2597 |      0 |      0 |   2129 |   3 |  865.7 |
       Dungeon |   2597 |   2597 |      0 |      0 |   2129 |   3 |  865.7 |
               +--------+--------+--------+--------+--------+-----+--------+

Top non-repeatable levels by time:
     D:1: 1491 daAuts
     D:2: 882 daAuts
     D:3: 223 daAuts
